 Dungeon Crawl Stone Soup version 0.32-a0-799-g95e1662365 (webtiles) character file.

Game seed: 244067568611942128

63 treewick the Cudgeller (level 3, -1/28 HPs)
             Began as a Demonspawn Gladiator on Mar 21, 2024.
             Slain by a goblin
             ... wielding a +0 dagger
             ... led by Robin
              (5 damage)
             ... on level 2 of the Dungeon.
             The game lasted 00:03:09 (816 turns).

treewick the Cudgeller (Demonspawn Gladiator)        Turns: 816, Time: 00:03:10

Health: -1/28      AC:  4    Str: 16    XL:     3   Next: 89%
Magic:  3/3        EV: 11    Int:  8    God:
Gold:   66         SH:  0    Dex: 14    Spells: 2/2 levels left

rFire   . . .        a - +0 flail
rCold   . . .        (no shield)
rNeg    . . .        b - +0 leather armour
rPois   .            c - +0 helmet
rElec   .            (no cloak)
rCorr   .            (no gloves)
SInv    .            (no boots)
Will    .....        (no amulet)
Stlth   +            (no ring)
HPRegen 1.24/turn    (no ring)
MPRegen 0.08/turn

%: no passive effects
@: weak-willed, hasted, very quick
A: powered by death 1
a: no special abilities


You were on level 2 of the Dungeon.
You visited 1 branch of the dungeon, and saw 3 of its levels.

You collected 66 gold pieces.

Inventory:

Hand Weapons
 a - a +0 flail (weapon)
Missiles
 e - a javelin
 f - 8 poisoned darts (quivered)
Armour
 b - a +0 leather armour (worn)
 c - a +0 helmet (worn)


   Skills:
 + Level 2.7 Fighting
 + Level 3.2 Maces & Flails
 + Level 2.4 Throwing
 + Level 3.1 Dodging


You had 2 spell levels left.
You didn't know any spells.
Your spell library was empty.

Dungeon Overview and Level Annotations

Branches:
Dungeon (3/15)

Altars:

Annotations:
D:2 Robin


Innate Abilities, Weirdness & Mutations

You regenerate a little health from kills.


Message History

A wave of despondency washes over your surroundings.
It was a scroll of vulnerability.
The goblin closely misses you. The goblin hits you but does no damage.
As you read the scroll labelled JIOV WYEROOXU, it crumbles to dust.
It is a scroll of identify.
h - a potion of haste The goblin closely misses you. x2
You feel yourself speed up. The goblin barely misses you.
The goblin hits you but does no damage. The goblin hits you with a +0 dagger.
You climb upwards.
Level annotation: Robin The goblin hits you but does no damage.
The goblin hits you with a +0 dagger.
There is a stone staircase leading down, spattered with blood here.
The hound bites you but does no damage. The goblin barely misses you.
The goblin attacks as it pursues you! The goblin closely misses you.
You closely miss the hound. The hound completely misses you.
The goblin hits you but does no damage. x2
The goblin hits you with a +0 dagger. The hound barely misses you.
You thump the hound!
The hound is heavily wounded.
The goblin barely misses you. The goblin closely misses you.
The hound misses you.
You sock the hound!
You kill the hound!
The goblin hits you but does no damage. The goblin barely misses you.
The goblin hits you with a +0 dagger.
* * * LOW HITPOINT WARNING * * *
You hit the goblin.
You kill the goblin!
The goblin barely misses you. Robin throws the goblin at you!
The goblin barely misses you.
You closely miss the goblin. The goblin hits you with a +0 dagger.
* * * LOW HITPOINT WARNING * * *
The goblin hits you but does no damage. The goblin hits you with a +0 dagger.
* * * LOW HITPOINT WARNING * * *
You sock the goblin!
You kill the goblin!
Robin throws the goblin at you! The goblin hits you with a +0 dagger.
You die...

# .# ###.# ##### .##
....######@g.##...#
>........ggg.g..#.#
#..........gr.#...|. $
..............g.....
..
%...............##..
...##...........####.#
. ....<........... <#
#.##........#..# ..
...#........... ##


You could see Robin, a quokka, a hobgoblin (strong) and 5 goblins.

Vanquished Creatures
  A hound (D:2)
  2 dart slugs (D:1)
  A ball python (D:1)
  A bat (D:1)
  2 endoplasms (D:1)
  2 giant cockroaches (D:1)
  4 goblins
  6 jackals (D:1)
  2 kobolds (D:1)
  2 quokkas (D:1)
  A frilled lizard (D:1)
  A rat (D:1)
25 creatures vanquished.

Notes
Turn   | Place    | Note
-------+----------+-------------------------------------------
     0 | D:1      | treewick the Demonspawn Gladiator began the quest for the
                  | Orb.
     0 | D:1      | Reached XP level 1. HP: 16/16 MP: 1/1
   195 | D:1      | Gained mutation: You regenerate a little health from kills.
                  | [demonic ancestry]
   195 | D:1      | Reached XP level 2. HP: 22/22 MP: 2/2
   482 | D:1      | Reached XP level 3. HP: 28/28 MP: 3/3
   799 | D:2      | Noticed Robin
   816 | D:2      | Slain by a goblin

Illustrated notes

Levels and vault maps discovered:
D:1:      dpeg_arrival_windows_large_door, layout_loops_ring
D:2:      layout_rooms, basic_ecumenical_altar,
          nicolae_concentric_dashed_squares_wild, uniq_robin
D:3:      layout_basic

Skill      XL: |  1  2 |
---------------+-------+-----
Throwing       | 2 |  2.4
Dodging        | 3 |  3.1
Maces & Flails | 3 |  3.2
Fighting       | |  2.7

Action                     || total
---------------------------++-------
  Melee: Flail             ||    47
  Throw: Throwing net      ||     4
         Dart              ||     7
    Use: Scroll            ||     2
         Potion            ||     1
   Stab: Sleeping          ||     1
 Armour: Leather armour    ||    51
  Dodge: Dodged            ||    45

Table legend: (Time is in decaauts)
 A = Elapsed time spent in this place.
 B = Non-inter-level travel time spent in this place.
 C = Inter-level travel time spent in this place.
 D = Time resting spent in this place.
 E = Time spent auto-exploring this place.
 F = Levels seen in this place.
 G = Mean time per level.
                   A        B        C        D        E       F      G
               +--------+--------+--------+--------+--------+-----+--------+
         Total |    823 |    779 |     44 |      0 |    549 |   3 |  274.3 |
       Dungeon |    823 |    779 |     44 |      0 |    549 |   3 |  274.3 |
               +--------+--------+--------+--------+--------+-----+--------+

Top non-repeatable levels by time:
     D:1: 808 daAuts
     D:2: 10 daAuts
     D:3: 4 daAuts
